 Dungeon Crawl Stone Soup version 0.27.1-3-gb3d3a73c9e (webtiles) character file.

Game seed: 13890637098823467103

128 barney the Changer (level 4, -2/35 HPs)
             Began as a Draconian Transmuter on Oct 5, 2021.
             Slain by an ogre (15 damage)
             ... on level 4 of the Dungeon.
             The game lasted 00:03:01 (5116 turns).

barney the Changer (Draconian Transmuter)           Turns: 5116, Time: 00:03:01

Health: -2/35      AC:  5    Str: 12    XL:     4   Next: 86%
Magic:  6/7        EV: 12    Int: 15    God:
Gold:   100        SH:  0    Dex: 11    Spells: 6/7 levels left

rFire    . . .     SeeInvis .   b - +2 dagger (drain)
rCold    + . .     Faith    .   (no shield)
rNeg     . . .     Spirit   .   (armour unavailable)
rPois    .         Reflect  .   (helmet restricted)
rElec    .         Harm     .   (no cloak)
rCorr    .         Rampage  .   (no gloves)
Will     .....                  (no boots)
Stlth    +.........             (no amulet)
HPRegen  0.11/turn              a - ring of wizardry
MPRegen  0.10/turn              g - ring of protection from cold

@: attractive, very slightly contaminated
A: AC +5, unfitting armour, cold-blooded
a: no special abilities


You were on level 4 of the Dungeon.
You visited 1 branch of the dungeon, and saw 4 of its levels.

You collected 100 gold pieces.

Inventory:

Hand Weapons
 b - a +2 dagger of draining (weapon)
Jewellery
 a - a ring of wizardry (left hand)
 g - a ring of protection from cold (right hand)
Wands
 k - a wand of paralysis (11)
Scrolls
 c - a scroll of blinking {unknown}
 d - a scroll of brand weapon {unknown}
 f - a scroll of magic mapping {unknown}
 h - a scroll of acquirement {unknown}
 i - a scroll of enchant weapon {unknown}
Potions
 e - a potion of attraction
 j - 2 potions of heal wounds {unknown}
 l - a potion of berserk rage {unknown}


   Skills:
 - Level 1.1 Fighting
 - Level 1.7 Dodging
 - Level 3.0 Unarmed Combat
 - Level 2.0 Spellcasting
 + Level 5.1 Transmutations


You had 6 spell levels left.
You knew the following spells:

 Your Spells              Type           Power      Damage    Failure   Level
a - Beastly Appendage     Tmut           34%        N/A       1%          1

Your spell library contained the following spells:

 Spells                   Type           Power      Damage    Failure   Level
 Wereblood                Tmut           17%        N/A       1%          2
 Spider Form              Tmut/Pois      4%         N/A       9%          3
 Ice Form                 Ice/Tmut       9%         N/A       28%         4


Dungeon Overview and Level Annotations

Branches:
Dungeon (4/15)
 Temple: D:4-7

Altars:
Wu Jian


Innate Abilities, Weirdness & Mutations

Your plain brown scales are hard. (AC +5)
You cannot fit into any form of body armour.
You are cold-blooded and may be slowed by cold attacks.


Message History

Okay, then.
l - a viscous amethyst potion
Found an encrusted brass wand.
There is a stone staircase leading up here.
An ogre comes into view. It is wielding a +0 giant spiked club.
The ogre shouts!
An ogre is nearby!
The ogre closely misses you.
A hobgoblin comes into view.
Casting: Beastly Appendage (safe; 1% risk of failure)
Confirm with . or Enter, or press ? or * to list all spells.
You miscast Beastly Appendage.
You are very lightly contaminated with residual magic.
Nothing appears to happen.
The hobgoblin shouts!
The ogre barely misses you.
You closely miss the ogre. The ogre closely misses you.
You hit the ogre. You drain the ogre. You tail-slap the ogre.
The ogre is moderately wounded.
The ogre hits you with a +0 giant spiked club!!
Ouch! That really hurt!
You hit the ogre.
The ogre is heavily wounded.
The hobgoblin hits you.
You completely miss the ogre.
The ogre is heavily wounded.
The ogre completely misses you. The hobgoblin closely misses you.
Okay, then.
Casting: Beastly Appendage (safe; 1% risk of failure)
Confirm with . or Enter, or press ? or * to list all spells.
You don't know that spell.
Casting: Beastly Appendage (safe; 1% risk of failure)
Confirm with . or Enter, or press ? or * to list all spells.
You don't know that spell.
There are monsters nearby!
It was a potion of attraction.
You feel attractive to monsters. The hobgoblin closely misses you.
The ogre hits you with a +0 giant spiked club!
You die...

#.......# .......##
..# ##....... .
...##...../.####.#
....##...........
#............... .
##.#.........# .#
...........@g# .##
..........#.O.....#
#......####......
....#.<##..#.##...
...# #.....<..# ..
....##..#..........
...................
......##...........
.....#.............


You could see an ogre (drained) and a hobgoblin.

Vanquished Creatures
  A bullfrog skeleton (D:3)
  5 adders (D:2)
  A worm (D:2)
  An orc (D:3)
  5 ball pythons
  8 endoplasms
  4 giant cockroaches
  6 goblins
  5 hobgoblins
  A quokka (D:2)
  2 bats
  2 frilled lizards (D:2)
  3 kobolds
  4 rats
48 creatures vanquished.

Notes
Turn   | Place    | Note
-------+----------+-------------------------------------------
     0 | D:1      | barney the Draconian Transmuter began the quest for the
                  | Orb.
     0 | D:1      | Reached XP level 1. HP: 16/16 MP: 3/3
   514 | D:1      | Reached XP level 2. HP: 23/23 MP: 5/5
   579 | D:1      | Reached skill level 3 in Transmutations
   898 | D:1      | Found a faded altar of an unknown god.
  1250 | D:2      | Reached XP level 3. HP: 4/28 MP: 6/6
  2145 | D:2      | Reached skill level 4 in Transmutations
  3246 | D:2      | Reached XP level 4. HP: 35/35 MP: 5/7
  4017 | D:3      | Reached skill level 5 in Transmutations
  4897 | D:3      | Found an ornate altar of the Wu Jian Council.
  5108 | D:4      | Noticed an ogre
  5116 | D:4      | Slain by an ogre

Illustrated notes

Levels and vault maps discovered:
D:1:      lightli_arrival_noodles, layout_basic,
          shapermc_ecumenical_altar_acropolis
D:2:      layout_basic, chequers_serial_rivers_room_a
D:3:      layout_basic, nicolae_wu_jian_immortal_techniques
D:4:      layout_cave_pools, uniq_sigmund

Skill      XL: |  1  2  3  4 |
---------------+-------------+-----
Transmutations | 3 4 5 |  5.1
Fighting       | |  1.1
Dodging        | |  1.7
Unarmed Combat | |  3.0
Spellcasting   | |  2.0

Action                   |  1- 3 |  4- 6 || total
-------------------------+-------+-------++-------
Melee: Unarmed           |   115 |    17 ||   132
       Tailslap          |    11 |     7 ||    18
       Kick              |    10 |     3 ||    13
       Headbutt          |     8 |     6 ||    14
       Punch             |     2 |       ||     2
       Dagger            |       |    43 ||    43
 Cast: Beastly Appendage |    23 |     7 ||    30
  Use: Potion            |     2 |     1 ||     3
Armor: Skin              |    30 |    27 ||    57
Dodge: Dodged            |    90 |    44 ||   134
